 Dungeon Crawl Stone Soup version 0.31-a0-424-g41b3b0883d (webtiles) character file.

Game seed: 9684663432293451110

2467 AdnanSaban the Basher (level 9, -1/56 HPs)
             Began as a Gargoyle Fighter on July 29, 2023.
             Was a Believer of Okawaru.
             Slain by an orc warrior
             ... wielding a +0 war axe
              (26 damage)
             ... in a bailey.
             The game lasted 00:05:15 (6773 turns).

AdnanSaban the Basher (Gargoyle Fighter)            Turns: 6773, Time: 00:05:15

Health: -1/56      AC: 22    Str: 36    XL:     9   Next: 51%
Magic:  9/9        EV:  8    Int:  9    God:    Okawaru [**....]
Gold:   992        SH:  6    Dex:  9    Spells: 8/8 levels left

rFire   . . .        z - +3 flail
rCold   . . .        s - +1 buckler {AC+3}
rNeg    + . .        b - +0 plate armour
rPois   ∞            (no helmet)
rElec   +            (no cloak)
rCorr   .            (no gloves)
SInv    .            (no boots)
Will    .....        (no amulet) Stlth
                     h - +6 ring of strength
HPRegen 0.29/turn    i - +6 ring of strength
MPRegen 0.11/turn

%: no passive effects
@: no status effects
A: sickness immunity, AC +6, negative energy resistance 1, electricity
resistance, torment resistance 1, petrification resistance
a: Renounce Religion, Heroism


You were in a bailey.
You worshipped Okawaru.
Okawaru was pleased with you.
You visited 2 branches of the dungeon, and saw 9 of its levels.
You also visited: Bailey.

You collected 992 gold pieces.

Inventory:

Hand Weapons
 z - a +3 flail (weapon)
Missiles
 l - 56 stones (quivered)
 D - 22 boomerangs
 J - 6 poisoned darts
 K - 2 curare-tipped darts
Armour
 b - a +0 plate armour (worn)
 s - a +1 buckler of protection (worn)
Jewellery
 h - a +6 ring of strength (left hand)
 i - a +6 ring of strength (right hand)
 o - a ring of see invisible
 t - a ring of fire
 u - a +6 ring of intelligence
 G - a ring of ice
Wands
 n - a wand of paralysis (5)
 I - a wand of roots (8)
Scrolls
 c - 9 scrolls of identify {unknown}
 f - 4 scrolls of teleportation {unknown}
 j - 3 scrolls of fear {unknown}
 m - 3 scrolls of enchant weapon {unknown}
 r - a scroll of amnesia {unknown}
 v - a scroll of noise {unknown}
 w - a scroll of poison {unknown}
 x - 3 scrolls of fog {unknown}
 y - a scroll of vulnerability {unknown}
 A - a scroll of brand weapon {unknown}
 B - a scroll of revelation {unknown}
 C - 2 scrolls of enchant armour {unknown}
 F - a scroll of summoning {unknown}
Potions
 a - a potion of brilliance {unknown}
 d - a potion of might
 e - 5 potions of curing {unknown}
 g - 3 potions of heal wounds {unknown}
 k - 3 potions of haste {unknown}
 p - 2 potions of degeneration {unknown}
 q - 2 potions of enlightenment {unknown}
 E - a potion of cancellation {unknown}
 H - 3 potions of attraction {unknown}


   Skills:
 + Level 6.3 Fighting
 + Level 8.8 Maces & Flails
 + Level 0.3 Throwing
 + Level 7.2 Armour
 + Level 1.8 Dodging
 + Level 5.5 Shields


You had 8 spell levels left.
You didn't know any spells.
Your spell library contained the following spells:

 Spells                   Type           Power      Damage    Failure   Level
 Ensorcelled Hibernation  Hex/Ice        0%         N/A       99%         2
 Wereblood                Tmut           0%         N/A       99%         2
 Portal Projectile        Hex/Tloc       0%         N/A       100%        3
 Anguish                  Hex/Necr       0%         N/A       100%        4
 Iskenderun's Mystic Bla  Conj/Tloc      0%         2d3       100%        4
 Leda's Liquefaction      Hex/Erth       0%         N/A       100%        4
 Irradiate                Conj/Tmut      0%         3d11      100%        5
 Iskenderun's Battlesphe  Conj           0%         2d6       100%        5
 Leda's Unmaking          Conj/Erth      0%         9d1       100%        6
 Summon Small Mammal      Summ           Unusable   N/A       N/A         1
 Call Canine Familiar     Summ           Unusable   N/A       N/A         3
 Summon Guardian Golem    Hex/Summ       Unusable   N/A       N/A         3
 Tukima's Dance           Hex            Unusable   N/A       N/A         3
 Spellforged Servitor     Conj/Summ      Unusable   N/A       N/A         7

Dungeon Overview and Level Annotations

Branches:
Dungeon (8/15)             Temple (1/1) D:5          Bailey (1/1)
   Lair: D:8-11

Altars:
Ashenzari
Cheibriados
Elyvilon
Fedhas
Gozag
Kikubaaqudgha
Makhleb
Nemelex Xobeh
Okawaru
Ru
Sif Muna
Trog
Uskayaw
Vehumet
Wu Jian
Xom
Yredelemnul
Zin

Shops:
D:6 [   D:7 (

Annotations:
D:4 1 runed translucent door, 2 transporters, Crazy Yiuf
D:7 1 runed translucent door, paps's ghost, novice OpSh


Innate Abilities, Weirdness & Mutations

You are immune to sickness and miasma.
Your stone body is resilient. (AC +6)
You are immune to poison.
You resist negative energy. (rN+)
You are resistant to electric shocks. (rElec)
You are resistant to unholy torment.
You are immune to petrification.


Message History

The kobold brigand is moderately wounded.
The kobold brigand barely misses you.
You closely miss the kobold brigand.
The kobold brigand is moderately wounded.
You sock the kobold brigand!
The kobold brigand is almost dead.
The kobold brigand hits you but does no damage.
The orc warrior barely misses you.
You hit the kobold brigand.
The kobold brigand is almost dead.
You closely miss the kobold brigand.
The kobold brigand is almost dead.
You block the orc warrior's attack. The kobold brigand closely misses you.
The kobold brigand hits you but does no damage.
The orc warrior hits you but does no damage.
You sock the kobold brigand!
You kill the kobold brigand!
Okawaru accepts your kill.
The orc warrior hits you but does no damage.
The orc knight roars a battlecry!
The orc warrior goes into a battle-frenzy!
You hit the orc warrior.
The orc warrior is lightly wounded.
The orc warrior hits you with a +0 war axe!!
You hit the orc warrior but do no damage.
You block the orc warrior's attack.
You closely miss the orc warrior.
The orc warrior hits you with a +0 war axe!
You are too injured to fight recklessly!
You are too injured to fight recklessly!
You are too injured to fight recklessly!
You are too injured to fight recklessly!
You are too injured to fight recklessly!
You are too injured to fight recklessly!
You are too injured to fight recklessly!
You are too injured to fight recklessly!
Unknown command.
The orc warrior attacks as you move away!
The orc warrior hits you with a +0 war axe!!
You die... ............. ........... ......... ....... ..o..
KKK

###o### ##..@).##
#...8...#
#∩.....∩#
##.....##
####'''####
##~.......~##
#~~.......~~#####
.~~.......~~....#
#~~...))..~~###.#


You could see an orc knight, an orc warrior (strong) and 3 kobold brigands.

Vanquished Creatures
  2 hornets
  A steam dragon (D:7)
  3 orc warriors
  2 ice beasts (D:6)
  A black bear (D:5)
  2 ogres
  A phantom (D:5)
  4 kobold brigands (Bailey)
  A bullfrog (D:7)
  2 scorpions
  3 howler monkeys (D:7)
  An electric eel (D:7)
  5 hounds
  3 jellies
  2 orc priests (D:5)
  2 sleepcaps
  An iguana (D:5)
  3 adders
  A gnoll (D:5)
  2 shadow imps
  A white imp (D:7)
  2 ufetubi
  2 worms (D:3)
  4 dart slugs
  12 orcs
  8 endoplasms
  A giant cockroach (D:1)
  5 goblins
  6 hobgoblins
  2 jackals (D:5)
  19 kobolds
  A quokka (D:1)
  12 ball pythons
  A bat (D:3)
  6 frilled lizards
  A rat (D:2)
125 creatures vanquished.

Notes
Turn   | Place    | Note
-------+----------+-------------------------------------------
     0 | D:1      | AdnanSaban the Gargoyle Fighter began the quest for the
                  | Orb.
     0 | D:1      | Reached XP level 1. HP: 14/14 MP: 1/1
   152 | D:1      | Reached XP level 2. HP: 19/19 MP: 2/2
   481 | D:1      | Reached XP level 3. HP: 22/23 MP: 3/3
  1014 | D:2      | Found a basalt altar of Yredelemnul.
  1593 | D:3      | Found a faded altar of an unknown god.
  1611 | D:3      | Reached XP level 4. HP: 25/29 MP: 4/4
  2322 | D:4      | Found a runed translucent door.
  2323 | D:4      | Noticed Crazy Yiuf
  2379 | D:4      | Found a transporter.
  2515 | D:4      | Reached skill level 3 in Maces & Flails
  2515 | D:4      | Reached XP level 5. HP: 27/33 MP: 5/5
  2538 | D:4      | Found a sparkling altar of Nemelex Xobeh.
  2780 | D:4      | Identified the +10 spear "Hohajiqo" {pain, Contam rPois
                  | Int+2 Dex+3}
  2780 | D:4      | Identified the +4 scale mail of Sin {rF+ rC+ Dex+4}
  2780 | D:4      | Identified the +0 kite shield "Wyineag" {-Cast Rampage
                  | Stlth+}
  2782 | D:4      | Found a transporter.
  2886 | D:5      | Entered Level 5 of the Dungeon
  2996 | D:5      | Noticed an ogre
  3004 | D:5      | Killed an ogre
  3005 | D:5      | Reached skill level 4 in Maces & Flails
  3005 | D:5      | Reached skill level 1 in Dodging
  3005 | D:5      | Reached XP level 6. HP: 36/38 MP: 6/6
  3181 | D:5      | Found a staircase to the Ecumenical Temple.
  3219 | Temple   | Entered the Ecumenical Temple
  3303 | D:5      | Reached skill level 5 in Armour
  3303 | D:5      | Reached XP level 7. HP: 42/44 MP: 7/7
  3318 | D:5      | Reached skill level 5 in Maces & Flails
  3886 | D:5      | Found an iron altar of Okawaru.
  3959 | D:5      | Became a worshipper of Warmaster Okawaru
  4133 | D:6      | Reached skill level 6 in Maces & Flails
  4173 | D:6      | Reached XP level 8. HP: 44/48 MP: 8/8
  4240 | D:6      | Found Kiffoow's Armour Boutique.
  4307 | D:6      | Reached * piety under Okawaru
  4464 | D:6      | Found a radiant altar of Vehumet.
  4482 | D:6      | Reached skill level 5 in Fighting
  5205 | D:7      | Found a runed translucent door.
  5206 | D:7      | Noticed paps's ghost (novice OpSh)
  5206 | D:7      | Noticed a slime creature
  5309 | D:7      | Reached skill level 7 in Maces & Flails
  5328 | D:7      | Noticed a hornet
  5339 | D:7      | Killed a hornet
  5340 | D:7      | Reached skill level 5 in Shields
  5500 | D:7      | Reached ** piety under Okawaru
  5501 | D:7      | Reached XP level 9. HP: 55/55 MP: 9/9
  5533 | D:7      | Found a glowing silver altar of Zin.
  5534 | D:7      | Found a white marble altar of Elyvilon.
  5650 | D:7      | Reached skill level 8 in Maces & Flails
  5732 | D:7      | Found Toxzubie's Antique Weapon Shop.
  6318 | D:8      | Noticed a hornet
  6324 | D:8      | Killed a hornet
  6518 | D:8      | Found a flagged portal.
  6562 | Bailey   | Entered a bailey
  6759 | Bailey   | Noticed an orc knight
  6773 | Bailey   | Slain by an orc warrior

Illustrated notes

Levels and vault maps discovered:
D:1:      scummos_arrival_simple_fountains, layout_basic, minmay_hexomino_u4
D:2:      layout_basic, basic_altar, corexii_hall_statues_x,
          nicolae_elevator_lobby_asterisk
D:3:      layout_loops_ring, nicolae_ecumenical_snake_handling,
          kennysheep_generic_room_2
D:4:      layout_cave_pools, mainiacjoe_overflow_six_doors_small,
          serial_column_ruins, column_ruins_pillar_6, column_ruins_pillar_2,
          column_ruins_pillar_3, column_ruins_pillar_9, column_ruins_pillar_9,
          column_ruins_pillar_12, column_ruins_pillar_6, column_ruins_pillar_1,
          column_ruins_pillar_4, column_ruins_pillar_4,
          gammafunk_ghost_gnarly_gnolls, feat_on_display,
          uniq_crazy_yiuf_cottage
D:5:      layout_gridville, marbit_many_paths,
          minmay_temple_entry_statues_pillars, serial_bayou_pond_d
D:6:      layout_basic, overflow_temple_1_default, serial_shops,
          nicolae_take_the_stairs
D:7:      layout_basic, nicolae_overflow_squiral, ebering_ghost_inner_flame,
          serial_shops, nicolae_shop_behind_doors
D:8:      layout_basic, enter_bailey_6
Temple:   dshaligram_water_room_temple
Bailey:   bailey_axe_3, bailey

Skill      XL: |  1  2  3  4  5  6  7  8  9 |
---------------+----------------------------+-----
Armour         | 4 5 6 7 |  7.2
Fighting       | 4 5 6 |  6.3
Maces & Flails | 3 4 6 7 8 |  8.8
Dodging        | 1 |  1.8
Shields        | 4 5 |  5.5
Throwing       | |  0.3

Action                     |  1- 3 |  4- 6 |  7- 9 || total
---------------------------+-------+-------+-------++-------
  Melee: Flail             |    88 |   128 |   197 ||   413
  Throw: Stone             |       |     4 |     4 ||     8
 Armour: Scale mail        |    40 |    36 |       ||    76
         Chain mail        |       |    22 |       ||    22
         Plate armour      |       |    16 |   132 ||   148
  Dodge: Dodged            |    49 |    68 |   107 ||   224
  Block: Buckler           |    19 |    41 |    61 ||   121

Table legend: (Time is in decaauts)
 A = Elapsed time spent in this place.
 B = Non-inter-level travel time spent in this place.
 C = Inter-level travel time spent in this place.
 D = Time resting spent in this place.
 E = Time spent auto-exploring this place.
 F = Levels seen in this place.
 G = Mean time per level.
                   A        B        C        D        E       F      G
               +--------+--------+--------+--------+--------+-----+--------+
         Total |   6846 |   6446 |    400 |     33 |   5416 |  10 |  684.6 |
       Dungeon |   6631 |   6231 |    400 |      0 |   5343 |   8 |  828.9 |
        Temple |      1 |      1 |      0 |      0 |      0 |   1 |    1.0 |
        Bailey |    212 |    212 |      0 |     33 |     73 |   1 |  212.0 |
               +--------+--------+--------+--------+--------+-----+--------+

Top non-repeatable levels by time:
     D:6: 1200 daAuts
     D:5: 1149 daAuts
     D:7: 903 daAuts
     D:1: 771 daAuts
     D:3: 761 daAuts
     D:2: 717 daAuts
     D:4: 681 daAuts
     D:8: 446 daAuts
  Bailey: 212 daAuts
  Temple: 1 daAuts
